 Dungeon Crawl Stone Soup version 0.17.2-1-ge4368a0 (webtiles) character file.

133 Charly the Sneak (level 4, -1/21 HPs)
             Began as a Spriggan Enchanter on July 1, 2017.
             Slain by an iguana (11 damage)
             ... on level 4 of the Dungeon.
             The game lasted 00:07:05 (442 turns).

Charly the Sneak (Spriggan Enchanter)                Turns: 442, Time: 00:07:05

Health: -1/21      AC:  5    Str:  4    XL:     4   Next: 94%
Magic:  2/9        EV: 18    Int: 17    God:
Gold:   17         SH:  0    Dex: 16    Spells: 3 memorised, 2 levels left

rFire  . . .     SeeInvis +     a - +1 dagger
rCold  . . .     Clarity  .     b - +1 robe
rNeg   . . .     SustAt   .     (shield restricted)
rPois  .         Gourm    .     f - +2 hat
rElec  .         Spirit   .     (no cloak)
rCorr  .         Warding  .     (gloves unavailable)
rMut   .         Stasis   .     (boots unavailable)
MR     .....                    (no amulet)
Stlth  ++++......               (no ring)
                                (no ring)

@: very slightly contaminated, very quick, not resistant to hostile
enchantments, stealthy
A: unfitting armour, see invisible, herbivore 3, speed 3, slow metabolism 2
a: no special abilities


You were on level 4 of the Dungeon.
You were not hungry.

You visited 1 branch of the dungeon, and saw 4 of its levels.

You collected 17 gold pieces.

Inventory:

Hand Weapons
 a - a +1 dagger (weapon)
Armour
 b - a +1 robe (worn)
 f - a +2 hat (worn)
Wands
 i - a wand of frost (26)
 n - a wand of random effects (15)
Scrolls
 e - a scroll of enchant weapon {unknown}
 h - a scroll of fog {unknown}
 l - a scroll of identify {unknown}
Potions
 g - a potion of beneficial mutation {unknown}
 j - a potion of ambrosia {unknown}
 k - a potion of flight {unknown}
 m - a potion of magic {unknown}
Books
 c - a book of Maledictions

   Spells                             Type                      Level
   a - Corona                         Hexes                        1
   b - Ensorcelled Hibernation        Hexes/Ice                    2
   c - Confuse                        Hexes                        3
   d - Tukima's Dance                 Hexes                        3
   e - Dazzling Spray                 Conjuration/Hexes            3
Comestibles
 d - a bread ration


   Skills:
 - Level 1.1 Short Blades
 - Level 3.0 Dodging
 + Level 6.9 Stealth
 - Level 2.6 Spellcasting
 + Level 5.4 Hexes


You had 2 spell levels left.
You knew the following spells:

 Your Spells              Type           Power        Failure   Level  Hunger
b - Corona                Hex            ###....      1%          1    #......
c - Confuse               Hex            ###.....     8%          3    ###....
h - Ensorcelled Hibernat  Hex/Ice        ##....       12%         2    ##.....


Dungeon Overview and Level Annotations

Branches:
Dungeon (4/15)
 Temple: D:4-7

Altars:

Annotations:
D:4 Blork the orc


Innate Abilities, Weirdness & Mutations

You are tiny and cannot use many weapons and most armour.
You have supernaturally acute eyesight.
You are a herbivore.
You cover ground extremely quickly.
You need consume almost no food.


Message History

The iguana closely misses you. The orc closely misses you.
You hit the iguana but do no damage.
The iguana is lightly wounded.
The orc closely misses you.
You see here a giant spiked club.
You hit the iguana but do no damage.
The iguana is lightly wounded.
You completely miss the iguana.
The iguana is lightly wounded.
Blork the orc casts a spell.
Blork the orc seems to speed up.
The orc barely misses you.
You hit the iguana but do no damage.
The iguana is lightly wounded.
The orc barely misses you. The iguana misses you.
You barely miss the iguana.
The iguana is lightly wounded.
The iguana bites you!
Ouch! That really hurt!
You die...

.<.a############.o......
##### #a######. #o# #o#
#o# #.# #o# #o# #@# #l#
..# ####


You could see Blork the orc, an iguana (confused), a worker ant and 4 orcs.

Vanquished Creatures
  An ogre (D:4)
  Terence (D:2)
  2 adders
  3 bats
  A goblin (D:2)
  A jackal (D:3)
  A kobold (D:2)
  A rat (D:1)
11 creatures vanquished.

Notes
Turn   | Place    | Note
--------------------------------------------------------------
     0 | D:1      | Charly the Spriggan Enchanter began the quest for the Orb.
     0 | D:1      | Reached XP level 1. HP: 9/9 MP: 5/5
   137 | D:2      | Noticed Terence
   143 | D:2      | Killed Terence
   143 | D:2      | Reached skill level 5 in Stealth
   143 | D:2      | Reached XP level 2. HP: 11/13 MP: 6/6
   143 | D:2      | Reached XP level 3. HP: 13/16 MP: 8/8
   302 | D:4      | Noticed Blork the orc
   313 | D:3      | Learned a level 2 spell: Ensorcelled Hibernation
   317 | D:3      | Learned a level 3 spell: Confuse
   416 | D:4      | Noticed an ogre
   430 | D:4      | Killed an ogre
   430 | D:4      | Reached skill level 6 in Stealth
   430 | D:4      | Reached skill level 5 in Hexes
   430 | D:4      | Reached XP level 4. HP: 9/21 MP: 0/9
   442 | D:4      | Slain by an iguana

Action                   |  1- 3 |  4- 6 || total
-------------------------+-------+-------++-------
Melee: Dagger            |    39 |     8 ||    47
 Cast: Confuse           |     1 |       ||     1
       Ensorcelled Hiber |     1 |       ||     1
Evoke: Wand              |       |     1 ||     1
 Stab: Sleeping          |     6 |       ||     6
  Eat: Pizza             |     1 |       ||     1
